Map: Pride of Altaris LE

Players

stimpackpapi

  • Race: Terran Terran
  • League: Platinum

Johannibis - Winner!

  • Race: Zerg Zerg
  • League: Diamond

VOD

Have the link to the VOD?

Description

Salt!

Time

  • Played on: March 9, 2022, 2:44 a.m.
  • Length: 7:19
Show
View Real Time Build Order
Export as new Build Order

stimpackpapi Terran 

Build Orders:  

Get SALT Encoding   

  12  0:00  SCV  
  13  0:12  SCV  
  14  0:16  Supply Depot  
  14  0:24  SCV  
  15  0:38  SCV  
  15  0:39  Barracks  
  16  0:45  Refinery  
  16  0:50  SCV  
  16  0:52  Refinery  
  17  1:02  SCV  
  18  1:14  SCV  
  19  1:26  Orbital Command, Supply Depot  
  19  1:27  Marine  
  20  1:40  Factory  
  20  1:45  Barracks Reactor  
  20  1:52  SCV  
  21  2:04  SCV  
  22  2:16  SCV  
  23  2:26  Factory Tech Lab  
  23  2:27  Command Center  
  23  2:29  SCV  
  24  2:32  Marine  
  24  2:36  Marine  
  26  2:41  SCV  
  27  2:45  Supply Depot  
  27  2:59  SCV  
  27  3:01  Starport  
  28  3:07  Hellion x2  
  28  3:11  SCV  
  33  3:23  Stimpack, SCV  
  38  3:34  Hellion x2  
  38  3:35  SCV  
  39  3:42  Viking  
  41  3:55  Marauder  
  37  4:15  Marine  
  38  4:19  Liberator  
  37  4:24  SCV  
  38  4:31  Orbital Command  
  38  4:33  Marine  
  38  4:51  Marine  
  39  4:59  Hellion x2  
  34  5:20  Hellion  
  36  5:33  SCV x2  
  43  5:43  Marauder  
  40  5:59  SCV  
  41  6:08  Supply Depot  
  41  6:20  Orbital Command  
  41  6:24  Supply Depot x2  
Show
View Real Time Build Order
Export as new Build Order

Johannibis Zerg - Winner!

Build Orders: Pool First, Swarm Host 

Get SALT Encoding   

  12  0:00  Drone  
  13  0:13  Overlord  
  13  0:16  Drone  
  14  0:22  Extractor  
  14  0:23  Drone  
  14  0:41  Spawning Pool  
  13  0:46  Drone  
  13  0:49  Drone  
  15  0:53  Drone  
  16  0:59  Drone  
  17  1:04  Extractor  
  17  1:09  Drone  
  17  1:19  Drone  
  18  1:28  Lair  
  18  1:30  Drone  
  19  1:40  Drone  
  20  1:50  Overlord  
  20  1:56  Spine Crawler  
  19  2:05  Drone  
  20  2:12  Drone  
  21  2:23  Drone  
  21  2:25  Queen  
  21  2:29  Infestation Pit  
  23  2:34  Drone  
  24  2:41  Nydus Network  
  23  2:46  Drone  
  24  2:55  Overlord  
  24  3:01  Queen  
  26  3:07  Swarm Host  
  29  3:16  Swarm Host  
  32  3:28  Overlord  
  32  3:35  Swarm Host x2  
  38  3:44  Nydus Canal  
  38  3:45  Swarm Host  
  41  3:51  Swarm Host  
  44  4:17  Overlord, Nydus Canal  
  44  4:18  Queen  
  46  4:45  Hydralisk Den  
  45  4:54  Queen, Nydus Canal  
  45  4:57  Swarm Host  
  45  4:59  Overlord  
  50  5:13  Hatchery  
  49  5:19  Nydus Canal  
  49  5:22  Swarm Host  
  52  5:53  Nydus Canal  
  52  5:58  Overlord  
  52  6:21  Hatchery  
  51  6:30  Swarm Host x2  
  51  6:31  Queen  
  59  6:42  Drone  
  59  6:43  Drone x2  
  62  6:50  Hydralisk  
Tags
 
Add a new tag
Caveats
  • Supply blocks, unpowered buildings, or Contaminate may cause inaccurate times.
  • Supply counts are checked every 10 seconds.